Cogmind - Beta 16.1 @@@ ROGUE MODE // 2026.04.20 @ 19:10:21 Player: Thqwib-Linux Result: Destroyed by D-53 Grenadier with Mini Grenade Launcher Performance ------------- Evolutions (0) 0 Regions Visited (2) 400 Robots Destroyed (10) 50 Value Destroyed (185) 185 Prototype IDs (2) 40 Alien Tech Used (0) 0 Bonus (0) 0 TOTAL SCORE: 675 Bonus ------- None Cogmind --------- Core Integrity 0/250 Matter 283/300 Energy 100/100 System Corruption 0% Temperature Cool (0) Movement Core (50) Location -10/Mines Parts ------- > --- POWER (1) -------- (None) > --- PROPULSION (2) --- (None) > --- UTILITY (2) ------ Targeting Computer > --- WEAPON (2) ------- (None) > --- INVENTORY (5) ---- Compact Wheel Improved Heat Sink Particle Gun Beam Cannon Maul Peak State ------------ > --- POWER ------------ Improved Ion Engine > --- PROPULSION ------- Light Treads Compact Wheel > --- UTILITY ---------- Small Storage Unit Targeting Computer > --- WEAPON ----------- Medium Laser Assault Rifle > --- INVENTORY -------- Improved Ion Engine Light Treads Compact Wheel Particle Gun Beam Cannon Light Assault Rifle Grenade Launcher Maul [Rating: 9] Favorites ----------- Power Improved Ion Engine Engine Improved Ion Engine Propulsion Light Treads Treads Light Treads Leg Aluminum Leg Wheel Compact Wheel Utility Small Storage Unit Device Seismic Detector Storage Small Storage Unit Processor Targeting Computer Weapon Assault Rifle Energy Gun Medium Laser Ballistic Gun Assault Rifle Launcher Grenade Launcher Build | -11 -10 -10 ------- Run | Yrd Mat Min Slots Evolved . | . . . Power . | . . . Propulsion . | . . . Utility . | . . . Weapon . | . . . Parts Attached 11 | 3 4 4 Power 2 | . 2 . Engine 2 | . 2 . Core . | . . . Reactor . | . . . Propulsion 4 | 2 1 1 Treads 2 | 1 . 1 Leg . | . . . Wheel 2 | 1 1 . Hover . | . . . Flight . | . . . Utility 2 | 1 1 . Device 1 | 1 . . Storage . | . . . Processor 1 | . 1 . Hackware . | . . . Protection . | . . . Artifact . | . . . Weapon 3 | . . 3 Energy Gun 1 | . . 1 Energy Cannon . | . . . Ballistic Gun 1 | . . 1 Ballistic Cannon . | . . . Launcher 1 | . . 1 Special Weapon . | . . . Impact Weapon . | . . . Slashing Weapon . | . . . Piercing Weapon . | . . . Special Melee Weapon . | . . . Unidentified Prototypes . | . . . Parts Lost 8 | . . 8 Power 1 | . . 1 Propulsion 3 | . . 3 Utility . | . . . Weapon 4 | . . 4 Highest Loss Streak 8 | . . 8 To Critical Strikes . | . . . Average Backups 6 | 4 6 7 Power . | 1 . . Propulsion 1 | 2 2 1 Utility . | . . 1 Weapon 3 | 1 3 4 Tool/Special . | . . . Unused Backups 17 | 8 3 6 Power 3 | 1 2 . Propulsion 6 | 4 1 1 Utility 2 | 1 . 1 Weapon 6 | 2 . 4 Tool/Special . | . . . Average Slot Usage (%) 97 | . 100 88 Engine 13 | . 14 11 Treads 13 | . 14 12 Wheel 13 | . 14 11 Device 2 | . 2 . Storage 13 | . 14 13 Processor 11 | . 11 14 Energy Gun 11 | . 14 4 Ballistic Gun 13 | . 14 12 Launcher 1 | . . 8 Peak Build Rating 9 | 7 9 9 Average Rating 7 | 6 7 7 On Entrance 7 | 6 7 9 Avg Prop Armor Cover (%) 12 | 12 12 12 Naked Turns . | . . . Heaviest Build 17 | 15 16 17 Greatest Support 16 | 10 16 16 Greatest Overweight (x) 1 | 1 1 1 Average Overweight (x) . | 1 . . Largest Inventory Capacity 8 | 8 8 8 Average Capacity 7 | 8 8 7 Most Carried 8 | 6 8 8 Average Carried 6 | 4 6 7 Final Capacity 8 | 8 8 5 Final Carried 8 | 4 8 5 Class Distribution -------------------- 100% | Mutant Dominant Class ---------------- Mutant | -10/Materials Mutant | -10/Mines Resources | -11 -10 -10 ----------- Run | Yrd Mat Min Matter Collected 384 | 248 106 30 Remotely . | . . . Salvage Created 420 | 101 250 69 Parts 17 | 5 11 1 Haulers Intercepted 1 | . 1 . Recyclers Shooed 1 | 1 . . Parts Field Recycled . | . . . Retrieved Matter . | . . . Parts Self-Destructed . | . . . Prevented . | . . . Parts Restored . | . . . Kills | -11 -10 -10 ------- Run | Yrd Mat Min Combat Hostiles Destroyed 4 | . 2 2 Guns 2 | . 2 . AOE 2 | . . 2 Classes Destroyed 5 | 2 3 . Worker 2 | . 2 . Tunneler 1 | 1 . . Hauler 1 | . 1 . Recycler 2 | 1 1 . Grunt 4 | . 2 2 Best Kill Streak 3 | 2 3 2 Combat Bots Only 2 | . 2 2 Max Kills in Single Turn 1 | 1 1 1 Gunslinging . | . . . Exploded 1 | . . 1 Melee . | . . . Uniques/NPCs Destroyed . | . . . Combat | -11 -10 -10 -------- Run | Yrd Mat Min Hostile Shots Fired 43 | . 8 35 Missed 1 | . . 1 Hits 42 | . 8 34 Projectile 42 | . 8 34 AOE 21 | . . 21 Critical Strikes 1 | . 1 . Damage Taken 1072 | . 115 957 Core 260 | . 28 232 Absorbed by Shields . | . . . Core Remaining (%) 100 | 100 . . Volleys Fired 40 | 6 22 12 Largest 2 | 2 2 2 Hottest 70 | 70 70 70 Shots Fired 78 | 12 44 22 Gun 76 | 12 44 20 Cannon . | . . . Launcher 2 | . . 2 Special . | . . . Kinetic 38 | 6 22 10 Thermal 38 | 6 22 10 Explosive 2 | . . 2 Electromagnetic . | . . . Robot Hit Streak 9 | 4 9 6 Robot Miss Streak 4 | 2 4 3 Penetration Max . | . . . Secondary Targets . | . . . Shots Hit Robots 49 | 9 26 14 Core Hits 19 | 2 12 5 Critical Kills . | . . . Critical Parts Destroyed . | . . . Critical Strikes 1 | . 1 . Burn 1 | . 1 . Melee Attacks . | . . . Impact . | . . . Slashing . | . . . Piercing . | . . . Sneak Attacks . | . . . Combat Hostiles . | . . . Follow-up Attacks . | . . . Damage Inflicted 688 | 111 319 258 Guns 561 | 111 319 131 Cannons . | . . . Explosions 127 | . . 127 Melee . | . . . Ramming . | . . . Kinetic 262 | 60 133 69 Thermal 299 | 51 186 62 Explosive 127 | . . 127 Electromagnetic . | . . . Impact . | . . . Slashing . | . . . Piercing . | . . . Highest Corruption . | . . . Average Corruption . | . . . Corruption Purged . | . . . Corruption Blocked . | . . . Overload Shots . | . . . Overflow Damage . | . . . Projectiles . | . . . Explosions . | . . . Melee . | . . . Knockbacks . | . . . Impact . | . . . Kinetic . | . . . Secondary . | . . . Self-Inflicted Damage . | . . . Shots . | . . . Rammed . | . . . Targets Rammed . | . . . Kicked . | . . . Crushed . | . . . Highest Temperature 171 | 74 171 56 Average Temperature 36 | 41 39 27 Received Heat Transfer 145 | . 87 58 Siege Activations . | . . . Martial Activations . | . . . Shielding Activations . | . . . Robots Disrupted . | . . . Combat Hostiles . | . . . Robots Corrupted . | . . . Combat Hostiles . | . . . Parts Fried . | . . . Impact Corruptions . | . . . Robots Melted . | . . . Combat Hostiles . | . . . Parts Melted 1 | . 1 . Heat Transferred 962 | 148 629 185 Parts Sabotaged . | . . . Parts Stolen . | . . . Parts Stripped . | . . . Power Chain Reactions . | . . . Alert | -11 -10 -10 ------- Run | Yrd Mat Min Maximum Alert Level . | . . . Low Security (%) 100 | 100 100 100 Level 1 . | . . . Level 2 . | . . . Level 3 . | . . . Level 4 . | . . . Level 5 . | . . . High Security . | . . . Max Security . | . . . Peak Influence 74 | 5 41 74 Initial . | . . . Average 10 | 1 4 35 Influence Increases 176 | 10 77 89 Destroy 0b10 Robot/C 80 | . 40 40 Destroy 0b10 Robot/NC 30 | 10 20 . Destroy Leader 22 | . 12 10 Successful Hack 4 | . 4 . Destroy Structure 10 | . 1 9 Partial Spotted 15 | . . 15 Lose Combat Pursuer 15 | . . 15 Influence Decreases 176 | 10 77 89 Time Decay 137 | 10 77 50 Lost Part 39 | . . 39 Squads Dispatched 2 | . 2 . Investigation . | . . . Extermination . | . . . Reinforcement 2 | . 2 . Assault . | . . . Garrison . | . . . Intercept . | . . . Searches Triggered . | . . . Construction Impeded . | . . . Haulers Reinforced . | . . . Active Scanning Responses . | . . . Cargo Convoy Interrupts . | . . . Stealth | -11 -10 -10 --------- Run | Yrd Mat Min Distress Signals 2 | . 2 . Communications Jammed . | . . . Distress Signals . | . . . Times Spotted 20 | . 9 11 Peak Tracking Total 9 | . 4 9 Tactical Retreats 1 | . . 1 Traps | -11 -10 -10 ------- Run | Yrd Mat Min Traps Triggered . | . . . Indirectly . | . . . Trap Hack Attempts . | . . . Triggered . | . . . Disarmed . | . . . Reprogrammed . | . . . Reused . | . . . Traps Extracted . | . . . Installed . | . . . Triggered . | . . . Machines | -11 -10 -10 ---------- Run | Yrd Mat Min Machines Disabled . | . . . Max in Single Turn . | . . . Machines Repaired . | . . . Machines Dismantled . | . . . Machines Sabotaged . | . . . Overloaded Fab Kills . | . . . Hacking | -11 -10 -10 --------- Run | Yrd Mat Min Machines Accessed 2 | . 2 . Terminals 2 | . 2 . Fabricators . | . . . Repair Stations . | . . . Recycling Units . | . . . Scanalyzers . | . . . Garrison Access . | . . . Total Hacks 6 | . 6 . Successful 3 | . 3 . Failed 3 | . 3 . Catastrophic . | . . . Database Lockouts . | . . . Manual 5 | . 5 . Terminals 6 | . 6 . Fabricators . | . . . Repair Stations . | . . . Recycling Units . | . . . Scanalyzers . | . . . Garrison Access . | . . . Terminal Hacks 1 | . 1 . Prototype ID Bank 1 | . 1 . Fabricator Hacks . | . . . Repair Station Hacks . | . . . Recycling Unit Hacks . | . . . Scanalyzer . | . . . Garrison Access Hacks . | . . . Unauthorized Hacks 2 | . 2 . Terminals 2 | . 2 . Botnet 2 | . 2 . Fabricators . | . . . Repair Stations . | . . . Recycling Units . | . . . Scanalyzers . | . . . Garrison Access . | . . . Data Cores Recovered . | . . . Used . | . . . Hacking Detections 2 | . 2 . Full Trace Events 1 | . 1 . Feedback Events . | . . . Feedback Blocked . | . . . Robot Schematics Acquired . | . . . Robots Built . | . . . Authchips . | . . . Time . | . . . Total Robot Build Rating . | . . . Part Schematics Acquired . | . . . Parts Built . | . . . Authchips . | . . . Time . | . . . Total Part Build Rating . | . . . Part Studies Acquired . | . . . Parts Repaired . | . . . Time . | . . . Parts Recycled . | . . . Recycled Matter . | . . . Retrieved Matter . | . . . Retrieved Components . | . . . Parts Scanalyzed . | . . . Part Schematics Acquired . | . . . Parts Damaged . | . . . Bothacking | -11 -10 -10 ------------ Run | Yrd Mat Min Used RIF Installer . | . . . Robots Hacked . | . . . Non-combat . | . . . Combat . | . . . Robot Hacks Applied . | . . . Relay Couplers Released . | . . . Fabnet Peak Effective % . | . . . Robots Rewired . | . . . Allies Hacked . | . . . Hacks Repelled . | . . . Allies | -11 -10 -10 -------- Run | Yrd Mat Min Total Allies . | . . . Largest Group . | . . . Highest-Rated Group . | . . . Highest-Rated Ally . | . . . Total Orders . | . . . Ally Attacks . | . . . Total Damage . | . . . Kills . | . . . Allies Corrupted . | . . . Allies Melted . | . . . Intel | -11 -10 -10 ------- Run | Yrd Mat Min Active Infowar (turns) 122 | 14 108 . Seismic 122 | 14 108 . Robot Analysis Total . | . . . Derelict Logs Recovered . | . . . Drone Launches . | . . . Drone Recoveries . | . . . Exploration | -11 -10 -10 ------------- Run | Yrd Mat Min Turns Passed 723 | 49 534 140 Spaces Moved 561 | 27 451 83 Core 5 | . . 5 Treads . | . . . Legs . | . . . Wheels 556 | 27 451 78 Hover . | . . . Flight . | . . . Fastest Speed 50 | 95 95 50 Average Speed 99 | 95 98 109 Slowest Speed 115 | 95 100 115 Overloaded Moves . | . . . Propulsion Burnouts . | . . . Robots Hopped . | . . . Potential Cave-ins . | . . . Cave-ins Triggered . | . . . Exploration Rate (%) 26 | 2 58 20 Regions Visited 2 Branch Regions 1 Pre-discovered Areas . | . . . Known Exits Taken . | . . . Unknown Exits Taken 2 | 1 1 . Scrap Searched . | . . . Spaces Dug . | . . . Terrain Destroyed 11 | . . 11 Melee . | . . . Projectile . | . . . AOE 11 | . . 11 Terrain Rammed . | . . . Walls Destroyed . | . . . Machines Disabled . | . . . Actions | -11 -10 -10 --------- Run | Yrd Mat Min Total 646 | 37 498 111 Wait 18 | . 7 11 Move 559 | 26 450 83 Hop . | . . . Pick Up 8 | . 8 . Fast Attach 2 | 1 1 . Attach 3 | . . 3 Detach 1 | . 1 . Swap 6 | 2 3 1 Drop 9 | 2 6 1 Fire 40 | 6 22 12 Melee . | . . . Ram . | . . . Kick . | . . . Crush . | . . . Escape Stasis . | . . . Rewire . | . . . Trap . | . . . Miscellaneous . | . . . Route ------- -11/Scrapyard -10/Materials (discovered 3 exits: [*Mat x2] / [*Min]) -10/Mines History --------- Turn | Location | Event 24 | -11/Scrapyard | Discovered new exit (range 3) 50 | -11/Scrapyard | Entered Materials 51 | -10/Materials | Met a group of wandering Federalists 64 | -10/Materials | Discovered new exit (range 16) 300 | -10/Materials | Build established: Mutant 361 | -10/Materials | Discovered new exit (range 3) 535 | -10/Materials | Discovered new exit (range 7) 584 | -10/Materials | Entered Mines 605 | -10/Mines | Met a Derelict bent on vengeance 614 | -10/Mines | Assembled infested the area 619 | -10/Mines | Assisted by a Guerilla fighting off Assembled 714 | -10/Mines | Core integrity fell below 50% 721 | -10/Mines | Core integrity fell below 20% 724 | -10/Mines | Destroyed by D-53 Grenadier with Mini Grenade Launcher Last Messages --------------- 00697_ Assault Rifle destroyed. 00697_ Imp. Ion Engine destroyed. 00697_ D-53 Grenadier destroyed. 00702_ Lgt. Treads destroyed. 00706_ The unstable cave ceiling collapses. 00708_ K-01 Serf collects debris. 00709_ The unstable cave ceiling collapses. 00709_ Lgt. Assault Rifle destroyed. 00711_ Med. Laser destroyed. 00711_ K-01 Serf collects debris. 00711_ Dropped Sml. Storage Unit. 00711_ U-05 Engineer lays Concrete. 00715_ K-01 Serf collects debris. 00716_ U-05 Engineer builds a Wall. 00717_ The unstable cave ceiling collapses. 00718_ K-01 Serf collects debris. 00720_ U-05 Engineer lays Concrete. 00721_ The unstable cave ceiling collapses. 00721_ U-05 Engineer lays Concrete. 00723_ U-05 Engineer builds a Wall. Map ----- +----------------------------------------------------+ | ?????????????????????????????????????????? | | ?????????????????????????????????????????? | | ?????????????????????????????????????????? | | ???????????????????###???????????????????? | | ?????????????????? ?????????????????? | | ???????????????? ?????????????????? | | ??????????????? ????????????????? | | ????????????? ??????????????????? | | ???????????? " ?????????????????? | | ??????###### #% " ????????????????? | | ??????# % ????????????????? | | ??????# #?????????????????? | | ??????# ## # #??????????????????? | | ??????# #?# # ##??????????????????? | | ???#### #??### ##???????????????????? | | ??## # #?????# ####?###?????????????? | | ??# ###???# ## ##????????????? | | ??# ##??## k ##???????????? | | ??## #??##k ????????????? | | ???## #?## #???????????????? | | ????# ### ! #???????????????? | | ????# # ## # #???????????????? | | ????# #%% #### # #???????????????? | | ????# # u ##??????????????? | | ????# #??????????????? | | ???## d@ #?????????????? | | ??## # #????????????? | | ??# ## #????????????? | | ??## ##?# #????????????? | | ???### #??? #????????????? | | ?????## # #????###????????????? | | ??????## # ##???????????????????? | | ??????## # ####????????????????????? | | ??????# ### #???????????????????????? | | ??????# #?## ????????????????????????? | | ??????# #?# ????????????????????????? | | ??????## ## ????????????????????????? | | ???????## ## ????????????????????????? | | ?????????## ##? ????????????????????????? | | ???????????###?? ????????????????????????? | | ???????????????? ????????????????????????? | | ?????????????????????????????????????????? | | ?????????????????????????????????????????? | | ?????????????????????????????????????????? | | ?????????????????????????????????????????? | | ?????????????????????????????????????????? | | | | | | | | | +----------------------------------------------------+ Best States ------------- Heat Dissipation 25 Energy Generation 12 Energy Capacity 265 Matter Stores 300 Matter Capacity 300 Sight Range 16 Terrain Scan Density 10 Evasion (%) 41 Targeting Accuracy 5 Recoil Reduction 1 Item Schematics ----------------- None Robot Schematics ------------------ None Fabricated ------------ Nothing Repaired ---------- Nothing Studied --------- None Alien Tech Used ----------------- None Achievements -------------- None Challenges ------------ None Game ------ Seed PowerRestorationGreatsword Manual? 0 Play Time 00:08:05 Cumulative 192.8 hours Start 2026.04.20 @ 19:04:18 End 2026.04.20 @ 19:10:21 Sessions 1 Manual Loads 0 Difficulty Rogue Special Mode None Game No. 117 Rogue 117 Adventurer 0 Explorer 0 Win Type - Total 6 Types 3/0/1/1/0/0/0/1/0/0 Lore% 64 Gallery% 57 Achievement% 50 Wizard Run 0 Options --------- Layout 2 ASCII 0 Keyboard 1 Movement Arrows Keybinds 0 Fullscreen 2 Font 24/Terminus Map View 50x44 Zoom Use 0% Tactical HUD 1 Map Filters NONE Filters NONE Steam 1 RUN: 141c3182-bfba-4913-a98b-af3d979acc06